 Dungeon Sprint DCSS version 0.28.0-43-g3370ac3207 (webtiles) character file.

Game seed: 13399726739346842108

1834 boopmooplesden the Severer (level 8, -3/90 HPs)
             Began as a Minotaur Berserker on Mar 8, 2022.
             Was a High Priest of Trog.
             Slain by a hornet (6 damage)
             ... in the Dungeon (Sprint II: "The Violet Keep of Menkaure").
             The game lasted 00:02:28 (1023 turns).

boopmooplesden the Severer (Minotaur Berserker)     Turns: 1023, Time: 00:02:28

Health: -3/90      AC:  7    Str: 25    XL:     8   Next: 87%
Magic:  7/7        EV: 12    Int:  4    God:    Trog [*****.]
Gold:   181        SH:  6    Dex:  9    Spells: 7/7 levels left

rFire   . . .      SeeInvis .   a - +0 hand axe
rCold   . . .      Faith    .   k - +0 kite shield "Circhar" {Will+}
rNeg    . . .      Spirit   .   i - +0 leather armour "Juanuqana" {rCorr}
rPois   .          Reflect  .   (helmet restricted)
rElec   .          Harm     .   (no cloak)
rCorr   +          Rampage  .   j - +2 pair of gloves
Will    +....      NoTele   +   (no boots)
Stlth   +.........              (no amulet)
HPRegen 0.25/turn               (no ring)
MPRegen 0.10/turn               (no ring)

@: lethally poisoned (-3 -> -20), on berserk cooldown, slowed, very slow
A: horns 2, retaliatory headbutt
a: Renounce Religion, Berserk, Trog's Hand, Brothers in Arms


You were in the Dungeon.
You worshipped Trog.
Trog was extremely pleased with you.
You visited 1 branch You collected 972 gold pieces.
You spent 791 gold pieces at shops.

Inventory:

Hand Weapons
 a - a +0 hand axe (weapon)
Armour
 b - a +0 animal skin
 i - the +0 leather armour "Juanuqana" (worn) {rCorr}
   (You bought it in a shop in the Dungeon)

   rCorr:     It protects you from acid and corrosion.
 j - a +2 pair of gloves (worn)
 k - the +0 kite shield "Circhar" (worn) {Will+}
   (You bought it in a shop in the Dungeon)

   Will:      It increases your willpower.
Scrolls
 h - a scroll of blinking
Potions
 c - a potion of curing
 d - a potion of heal wounds
 e - a potion of haste
 f - 2 potions of magic
 g - a potion of berserk rage
 l - a potion of lignification {unknown}


   Skills:
 + Level 14.8 Fighting
 + Level 15.4 Axes
 + Level 8.0 Armour
 + Level 8.0 Dodging


You had 7 spell levels left.
You didn't know any spells.
Your spell library was empty.

Dungeon Overview and Level Annotations

Branches:
Dungeon (1/1)

Altars:
Cheibriados
Dithmenos
Elyvilon
Fedhas
Gozag
Kikubaaqudgha
Makhleb
Nemelex Xobeh
Okawaru
Sif Muna
Trog
Uskayaw
Vehumet
Zin
Beogh
Jiyva
Lugonu

Shops:
D ([:!(?=[!:(!=[[

Annotations:
D exclusion: oklob plant


Innate Abilities, Weirdness & Mutations

You have a pair of horns on your head.
You reflexively headbutt those who attack you in melee.


Message History

You suddenly lose the ability to move!
You feel sick. The polar bear bites you. The polar bear claws you. x2
The hornet stings you!
You feel yourself slow down.
You feel yourself speed up.
You feel sick. The hornet stings you.
You are more poisoned.
You feel yourself slow down. The polar bear bites you!
* * * LOW HITPOINT WARNING * * *
The polar bear claws you but does no damage. x2
The hornet stings you!
* * * LOW HITPOINT WARNING * * *
You feel as though you will be slow longer.
You can move again.
You see here a polar bear corpse.
You closely miss the hornet.
You hit the polar bear but do no damage.
You feel very sick. The polar bear barely misses you. The polar bear claws you.
* * * LOW HITPOINT WARNING * * *
The polar bear claws you but does no damage.
The hornet stings you but does no damage.
You hit the hornet.
The hornet is lightly wounded.
You barely miss the polar bear.
You feel sick. The hornet stings you.
* * * LOW HITPOINT WARNING * * *
You are lethally poisoned!
You feel as though you will be slow longer.
The polar bear barely misses you. You block the polar bear's attack.
The polar bear claws you.
* * * LOW HITPOINT WARNING * * *
You hit the hornet.
The hornet is moderately wounded.
You hit the polar bear.
You are no longer berserk.
You are exhausted.
You feel as though you will be slow longer.
* * * LOW HITPOINT WARNING * * *
You feel very sick. The hornet stings you.
You die...

## #. .##.### +.### ..#
... ...#### .####..##
#..##$# ###.##..#
+..#ch# ##÷..#..#
#..#hy#
.'##.+..####.^##@#
##÷..#....###...##▓▓▓
###.##......≈≈≈≈≈≈≈≈≈≈≈
# ###≈≈§§...≈#+########
..#≈≈≈≈≈≈≈..≈#....._._#
.##≈≈≈≈≈§≈≈.≈#...._._.#
##≈≈≈≈§§≈§≈≈≈#..._._._#
≈≈≈≈≈≈§≈≈≈≈≈≈#.._._._.#
+++#≈≈≈≈≈≈§≈≈#._._._._#


You could see 2 polar bears, a yaktaur and a hornet.

Vanquished Creatures
  A merfolk siren (D)
  A polar bear (D)
  A blink frog (D)
  2 wyverns (D)
  Menkaure (D)
  A water moccasin (D)
  4 necrophages (D)
  4 scorpions (D)
15 creatures vanquished.

Notes
Turn   | Place    | Note
-------+----------+-------------------------------------------
     0 | D        | boopmooplesden the Minotaur Berserker began the quest for
                  | the Orb.
     0 | D        | Reached XP level 1. HP: 19/19 MP: 0/0
     1 | D        | Noticed a necrophage
     1 | D        | Noticed a necrophage
     1 | D        | Noticed a necrophage
     1 | D        | Noticed a necrophage
     7 | D        | Killed a necrophage
     8 | D        | Reached skill level 7 in Axes
     8 | D        | Reached XP level 2. HP: 34/34 MP: 1/1
     8 | D        | Reached XP level 3. HP: 39/39 MP: 2/2
     8 | D        | Reached XP level 4. HP: 47/47 MP: 3/3
    11 | D        | Killed a necrophage
    12 | D        | Reached skill level 9 in Axes
    12 | D        | Reached XP level 5. HP: 55/56 MP: 4/4
    16 | D        | Killed a necrophage
    16 | D        | Reached ** piety under Trog
    16 | D        | Killed a necrophage
    17 | D        | Reached skill level 10 in Fighting
    17 | D        | Reached skill level 10 in Axes
    17 | D        | Reached skill level 5 in Armour
    17 | D        | Reached skill level 5 in Dodging
    17 | D        | Reached XP level 6. HP: 64/67 MP: 5/5
   121 | D        | Noticed a wyvern
   121 | D        | Noticed a wyvern
   124 | D        | Killed a wyvern
   125 | D        | Reached skill level 11 in Axes
   127 | D        | Killed a wyvern
   128 | D        | Reached skill level 12 in Axes
   128 | D        | Reached XP level 7. HP: 77/77 MP: 6/6
   272 | D        | Noticed a merfolk siren
   279 | D        | Killed a merfolk siren
   279 | D        | Reached *** piety under Trog
   280 | D        | Reached skill level 13 in Axes
   291 | D        | Reached XP level 8. HP: 86/86 MP: 7/7
   297 | D        | Reached **** piety under Trog
   298 | D        | Reached skill level 14 in Axes
   309 | D        | Found Geots's Book Emporium.
   309 | D        | Found Lutselig's Distillery.
   309 | D        | Found Isywn's Armour Shoppe.
   309 | D        | Found Ameidghui's Antique Armour Emporium.
   309 | D        | Found Dufougg's Distillery.
   309 | D        | Found Hinayl's Antique Armour Emporium.
   309 | D        | Found Jonuimm's Antique Weapon Shoppe.
   309 | D        | Found Tegenal's Jewellery Shoppe.
   310 | D        | Found Voewuukh's Jewellery Shoppe.
   310 | D        | Found Qemocoim's Magic Scroll Emporium.
   310 | D        | Noticed Menkaure
   310 | D        | Noticed a cane toad
   310 | D        | Noticed a cane toad
   329 | D        | Killed Menkaure
   330 | D        | Found Julooble's Antique Weapon Emporium.
   330 | D        | Found Askewnoi's Distillery.
   330 | D        | Noticed an oklob plant
   331 | D        | Found Xenum's Antique Armour Shoppe.
   331 | D        | Found Zonnaer's Book Shoppe.
   331 | D        | Found Garghud's Weapon Emporium.
   637 | D        | Bought a translucent leather armour for 231 gold pieces
   637 | D        | Identified the +0 leather armour "Juanuqana" {rCorr} (You
                  | bought it in a shop in the Dungeon)
   637 | D        | Bought a pair of runed gloves for 247 gold pieces
   637 | D        | Bought a crude kite shield for 313 gold pieces
   637 | D        | Identified the +0 kite shield "Circhar" {Will+} (You bought
                  | it in a shop in the Dungeon)
   664 | D        | Noticed an iron elemental
   681 | D        | Noticed a blink frog
   709 | D        | Killed a blink frog
   709 | D        | Reached ***** piety under Trog
   710 | D        | Reached skill level 15 in Axes
  1001 | D        | Found a snail-covered altar of Cheibriados.
  1002 | D        | Found a shadowy altar of Dithmenos.
  1003 | D        | Found a white marble altar of Elyvilon.
  1003 | D        | Found an ancient bone altar of Kikubaaqudgha.
  1003 | D        | Found a viscous altar of Jiyva.
  1004 | D        | Found a blossoming altar of Fedhas.
  1004 | D        | Found a corrupted altar of Lugonu.
  1004 | D        | Found a shimmering blue altar of Sif Muna.
  1005 | D        | Found an opulent altar of Gozag.
  1005 | D        | Found a burning altar of Makhleb.
  1005 | D        | Found a bloodstained altar of Trog.
  1006 | D        | Found a sparkling altar of Nemelex Xobeh.
  1006 | D        | Found a hide-covered altar of Uskayaw.
  1007 | D        | Found an iron altar of Okawaru.
  1007 | D        | Found a radiant altar of Vehumet.
  1007 | D        | Found a glowing silver altar of Zin.
  1008 | D        | Noticed a yaktaur
  1008 | D        | Noticed a hornet
  1008 | D        | Noticed a polar bear
  1012 | D        | Noticed a polar bear
  1017 | D        | Killed a polar bear
  1018 | D        | Noticed a polar bear
  1018 | D        | Paralysed by a hornet for 2 turns
  1023 | D        | HP: 3/90 [poisoned by a hornet]
  1023 | D        | Slain by a hornet

Illustrated notes

Levels and vault maps discovered:
D:        the_violet_keep_of_menkaure [sprint2_stairs_cluster_1,
          sprint2_shoproom, sprint2_temple, sprint2_basic_supplies,
          sprint2_obstacle_5, sprint2_obstacle_6, sprint2_obstacle_3,
          sprint2_obstacle_7, sprint2_obstacle_2, sprint2_timed_cluster_1,
          sprint2_smallroom_cluster_1, sprint2_smallroom_final_cluster_1,
          sprint2_transparent_cluster_1, sprint2_second_timed_cluster_1,
          sprint2_sniper_area_1, sprint2_heavy_combat_area_1,
          sprint2_mutation_trap_area_1, sprint2_forest_area_1,
          sprint2_light_combat_area_1, sprint2_behind_water_1,
          sprint2_near_end_vault_1]

Skill      XL: |  1  2  3  4  5  6  7  8 |
---------------+-------------------------+-----
Fighting       | 7 8 10 12 13 14 | 14.8
Axes           | 7 9 10 12 13 15 | 15.4
Armour         | 4 5 6 7 8 |  8.0
Dodging        | 3 4 5 6 8 |  8.0

Action                   |  1- 3 |  4- 6 |  7- 9 || total
-------------------------+-------+-------+-------++-------
Melee: Hand axe          |     5 |    13 |    47 ||    65
       Headbutt          |     1 |     1 |     4 ||     6
Invok: Berserk           |     1 |     1 |     2 ||     4
Armor: Leather armour    |       |       |    14 ||    14
Dodge: Dodged            |     1 |     7 |    15 ||    23
Block: Kite shield       |       |       |     7 ||     7
